Cogmind - Beta 13 X1 @@@ ROGUE MODE // 2024.02.05 @ 20:18:12 Player: maxwell Result: Heading to fleet! Performance ------------- Evolutions (9) 4500 Regions Visited (25) 5000 Robots Destroyed (353) 1765 Value Destroyed (16657) 16657 Prototype IDs (50) 1000 Alien Tech Used (10) 2000 Bonus (11629) 11629 TOTAL SCORE: 42551 Bonus ------- High Alert Combat Kills 2407 Follower Combat Kills 1983 Network Hubs Disabled 200 Met Data Miner 300 Built Enhanced Grunts 300 A7 Reached Mainframe 300 Met R17 at Cetus 500 Used Core Reset Matrix 3000 Hacked Protovariant 500 Met R17 at Research 2000 Scanned by Researcher 500 Win 3000 Friendly Fire -3361 Cogmind --------- Core Integrity 582/1850 Matter 295/300 Energy 185/200 System Corruption 0% Temperature Cool (10) Movement Walking (116) Location To Fleet Rendezvous Parts ------- > --- POWER (3) -------- Improved Fusion Compressor Micro Antimatter Reactor Micro Antimatter Reactor > --- PROPULSION (8) --- Myomer Leg Myomer Leg Biometal Leg Biometal Leg Centrium Leg Improved Antigrav System Combat Linear Gravjet Combat Linear Gravjet > --- UTILITY (11) ----- Advanced Coolant Injector Experimental Optical Array Experimental Actuator Array Advanced Transmission Jammer Experimental ECM Suite SHELL Armor Graphene Brace Microwarp Drive > --- WEAPON (4) ------- Power Sword Vibroblade > --- INVENTORY (7) ---- Micro Antimatter Reactor Advanced Power Amplifier High-capacity Storage Unit Advanced Variable Charge Gun Peak State ------------ > --- POWER ------------ Particle Reactor Light Quantum Reactor Light Quantum Reactor > --- PROPULSION ------- Biometal Leg Centrium Leg Centrium Leg Centrium Leg Centrium Leg Centrium Leg High-density Centrium Leg High-density Centrium Leg > --- UTILITY ---------- High-capacity Storage Unit Experimental Optical Array Improved Terrain Scan Processor Advanced Transmission Jammer Experimental ECM Suite Heavy Regenerative Plating SHELL Armor Advanced Force Field > --- WEAPON ----------- Vibroblade Vibroblade Sigix Broadsword > --- INVENTORY -------- Large Matter Pod Advanced Sensor Array Nanoactuators Nanoactuators Experimental Actuator Array Advanced Transmission Jammer Graphene Brace Experimental Shock Absorption System Experimental EM Disruption Field Antimissile System Microwarp Drive Advanced Variable Charge Gun Warp Gun Improved Proton Missile Launcher Gamma Bomb Array Micro-nuke Launcher Power Maul Ionic Axe [Rating: 238] Favorites ----------- Power Particle Reactor Engine F-cell Engine Power Core Micro Nuclear Core Reactor Particle Reactor Propulsion Armored Leg Treads Light Treads Leg Armored Leg Wheel Wheel Hover Unit Improved Antigrav System Flight Unit Xenon Bombardment Thruster Utility High-capacity Storage Unit Device Improved Sensor Array Storage High-capacity Storage Unit Processor Advanced Signal Interpreter Hackware Improved Hacking Suite Protection Improved Light Armor Plating Artifact Microwarp Drive Weapon Ripper Energy Gun Warp Gun Ballistic Gun Light Assault Rifle Launcher Missile Launcher Impact Weapon Impact Mace Slashing Weapon Ripper Piercing Weapon Spear Build | -11 -10 -10 -9 -8 -7 -7 -7 -7 -6 -6 -6 -6 -5 -4 -4 -4 -4 -4 -3 -3 -2 -2 -2 -1 -1 ------- Run | Jun Mat Min Mat Mat Fac Low Low Dat Pro Fac Was Fac Fac Fac Ext Cet Arc Hub Res Tes Res Qua Sec Acc Com Slots Evolved 18 | . . . 2 2 2 . . . . 2 . . 2 2 . . . . 2 . 2 . . 2 . Power 2 | . . . . . 1 . . . . . . . . 1 . . . . . . . . . . . Propulsion 6 | . . . 1 1 . . . . . 2 . . . 1 . . . . 1 . . . . . . Utility 9 | . . . 1 1 . . . . . . . . 2 . . . . . 1 . 2 . . 2 . Weapon 1 | . . . . . 1 . . . . . . . . . . . . . . . . . . . . Parts Attached 437 | . 6 7 8 12 16 11 9 . 17 27 2 21 6 14 22 6 13 7 31 32 21 13 50 29 57 Power 55 | . . 1 1 1 2 . 1 . . 5 . 2 2 2 6 . 2 1 3 4 3 1 7 4 7 Engine 16 | . . 1 1 1 1 . 1 . . 3 . 1 2 1 3 . 1 . . . . . . . . Core 7 | . . . . . 1 . . . . 1 . 1 . . 3 . . . . . . . . . 1 Reactor 32 | . . . . . . . . . . 1 . . . 1 . . 1 1 3 4 3 1 7 4 6 Propulsion 105 | . 2 3 3 5 2 . 1 . 2 9 2 4 2 4 7 . 1 2 9 7 8 2 8 1 21 Treads 7 | . 2 1 3 1 . . . . . . . . . . . . . . . . . . . . . Leg 81 | . . . . 4 2 . 1 . 2 9 2 4 2 4 6 . 1 2 8 7 8 2 8 1 8 Wheel 4 | . . 2 . . . . . . . . . . . . 1 . . . 1 . . . . . . Hover 12 | . . . . . . . . . . . . . . . . . . . . . . . . . 12 Flight 1 | . . . . . . . . . . . . . . . . . . . . . . . . . 1 Utility 168 | . 3 2 1 3 3 6 4 . 8 6 . 6 2 4 2 2 7 3 17 13 8 7 23 17 21 Device 118 | . . 1 . 1 . 2 2 . 5 4 . 4 1 4 2 2 5 1 13 11 6 4 19 15 16 Storage 4 | . 1 . . 1 . . . . . . . . . . . . 1 . . . . 1 . . . Processor 11 | . . . 1 . 1 1 . . . 2 . . 1 . . . . . 1 . . 1 2 . 1 Hackware 2 | . . . . . . . . . . . . . . . . . . 2 . . . . . . . Protection 29 | . 2 1 . 1 2 3 2 . 3 . . 2 . . . . 1 . 3 2 2 1 . 1 3 Artifact 4 | . . . . . . . . . . . . . . . . . . . . . . . 2 1 1 Weapon 109 | . 1 1 3 3 9 5 3 . 7 7 . 9 . 4 7 4 3 1 2 8 2 3 12 7 8 Energy Gun 7 | . . . . 2 . . . . . . . . . . . 1 . . . 1 . . 2 . 1 Energy Cannon . | . . . . . . . . . . . . . . . . . . . . . . . . . . Ballistic Gun 4 | . 1 . 2 . . . . . . . . . . . . . . . . 1 . . . . . Ballistic Cannon . | . . . . . . . . . . . . . . . . . . . . . . . . . . Launcher 35 | . . . 1 . 3 3 1 . 5 3 . 4 . 3 4 2 . . . . . . . 3 3 Special Weapon . | . . . . . . . . . . . . . . . . . . . . . . . . . . Impact Weapon 13 | . . 1 . . 4 1 2 . 1 . . . . . . . . . . . 1 1 1 . 1 Slashing Weapon 42 | . . . . 1 2 1 . . 1 3 . 3 . . 3 1 1 1 1 6 . 2 9 4 3 Piercing Weapon 8 | . . . . . . . . . . 1 . 2 . 1 . . 2 . 1 . 1 . . . . Special Melee Weapon . | . . . . . . . . . . . . . . . . . . . . . . . . . . Unidentified Prototypes 31 | . . 1 . 1 1 1 . . . 2 . . . 1 . 1 2 1 5 5 2 2 6 . . Corrupted Parts 2 | . . . . . . . . . . 1 . . . . . 1 . . . . . . . . . System Corruption 8 | . . . . . . . . . . 3 . . . . . 5 . . . . . . . . . Parts Lost 132 | . 1 5 2 . 8 1 3 . 5 8 2 4 2 9 5 1 5 10 . 20 3 2 5 4 27 Power 23 | . . 1 1 . 1 . 1 . . 1 . 1 . 3 1 . 2 2 . 5 . . . . 4 Propulsion 53 | . . 2 . . 1 . 1 . 2 4 2 . . 4 2 . 1 5 . 7 2 1 4 1 14 Utility 29 | . 1 1 . . 3 1 . . 2 1 . 1 2 1 1 . . 2 . 5 . 1 1 2 4 Weapon 27 | . . 1 1 . 3 . 1 . 1 2 . 2 . 1 1 1 2 1 . 3 1 . . 1 5 Highest Loss Streak 13 | . 1 4 1 . 3 1 2 . 4 3 1 1 2 9 2 1 5 10 . 13 3 1 3 1 10 To Critical Strikes 4 | . . . . . 1 . . . . . . 1 . . 1 . . 1 . . . . . . . Average Slot Usage (%) 89 | . 98 97 89 94 90 86 90 92 93 94 85 93 93 90 86 100 90 93 91 98 77 88 83 82 73 Engine 4 | . 14 13 10 9 6 7 6 7 7 8 6 4 8 10 4 . . . . . . . . . . Core 2 | . . . . . 6 7 7 7 7 1 . 5 2 . 6 15 6 4 . . 2 . . . . Reactor 4 | . . . . . . . . . . 1 2 . . 3 . . 4 9 10 12 7 11 11 11 8 Treads 1 | . 2 23 15 15 . . . . . . . . . . . . . . . . . . . . . Leg 28 | . 25 . . 20 30 29 27 28 27 36 33 36 33 33 29 35 34 34 30 35 25 32 31 29 8 Device 9 | . . 3 . 9 2 7 7 7 7 6 6 6 10 12 13 15 14 6 10 14 16 13 13 11 19 Storage 5 | . 14 14 11 9 7 7 7 7 7 6 6 6 5 5 5 5 5 5 4 4 4 4 4 3 2 Processor 7 | . . . 7 9 11 7 7 7 7 7 12 8 11 10 10 10 10 10 9 9 8 7 4 6 3 Protection 4 | . 12 9 11 9 7 6 6 7 6 3 . 2 4 . . . . . 2 2 1 4 4 5 3 Ballistic Gun 2 | . 26 25 17 6 . . . . . . . . . . . . . . . . . . . . . Impact Weapon 2 | . . 3 3 . 6 . 8 14 20 8 6 . . . . . . . . . 2 4 1 . . Slashing Weapon 9 | . . . . 4 5 8 11 7 1 8 6 14 11 10 11 14 10 10 12 17 5 6 9 10 9 Piercing Weapon 1 | . . . . . . . . . . 2 6 5 5 5 3 . 5 4 3 . 2 1 . . . Naked Turns . | . . . . . . . . . . . . . . . . . . . . . . . . . . Heaviest Build 179 | 12 30 35 32 57 69 66 75 69 75 81 81 75 78 106 106 109 102 101 102 120 133 144 153 179 162 Greatest Support 244 | 20 40 40 60 80 80 75 75 75 75 102 96 96 96 116 137 137 137 143 191 211 210 214 244 244 214 Greatest Overweight (x) 2 | . 1 1 1 1 1 . 1 . 1 1 1 . . 1 1 . . 1 . . . . . 1 2 Average Overweight (x) . | . . . . . . . . . . . . . . . . . . . . . . . . . . Largest Inventory Capacity 22 | . 15 15 15 20 20 20 20 20 20 20 20 20 20 20 20 20 20 20 20 20 20 20 22 22 22 Average Capacity 19 | . 11 15 15 19 20 20 20 20 20 20 20 20 20 20 20 20 20 20 20 20 20 20 20 22 18 Most Carried 21 | . 10 8 15 17 20 19 20 19 19 20 19 20 20 20 20 19 20 20 20 20 20 19 21 20 21 Average Carried 16 | . 7 7 13 15 16 17 18 19 12 19 18 19 18 18 17 17 19 20 19 19 18 18 17 17 14 Final Capacity 22 | 8 15 15 15 20 20 20 20 20 20 20 20 20 20 20 20 20 20 20 20 20 20 20 22 22 7 Final Carried 20 | 6 7 3 15 16 19 18 19 19 14 19 17 20 20 16 18 19 20 20 19 20 18 17 18 17 4 Class Distribution -------------------- 33% | Trapper-Mutant 16% | Mutant 15% | Scavenger-Mutant 10% | Alien-Mutant 9% | Scavenger-Assassin 5% | Alien-Gladiator Dominant Class ---------------- Mutant | -10/Materials Mutant | -10/Mines Scavenger-Mutant | -9/Materials Mutant | -8/Materials Scavenger-Mutant | -7/Factory Mutant | -7/Lower Caves Trapper-Mutant | -7/Lower Caves Trapper-Mutant | -7/Data Miner Trapper-Mutant | -6/Proximity Caves Trapper-Mutant | -6/Factory Trapper-Mutant | -6/Waste Trapper-Mutant | -6/Factory Trapper-Assassin | -5/Factory Trapper-Mutant | -4/Factory Trapper-Mutant | -4/Extension Scavenger-Mutant | -4/Cetus Scavenger-Mutant | -4/Archives Scavenger-Mutant | -4/Hub_04(d) Scavenger-Assassin | -3/Research Scavenger-Assassin | -3/Testing Infiltrator-Assassin | -2/Research Scavenger-Mutant | -2/Quarantine Alien-Gladiator | -2/Section 7 Alien-Mutant | -1/Access Alien-Mutant | -1/Command Resources | -11 -10 -10 -9 -8 -7 -7 -7 -7 -6 -6 -6 -6 -5 -4 -4 -4 -4 -4 -3 -3 -2 -2 -2 -1 -1 ----------- Run | Jun Mat Min Mat Mat Fac Low Low Dat Pro Fac Was Fac Fac Fac Ext Cet Arc Hub Res Tes Res Qua Sec Acc Com Matter Collected 6755 | 200 237 126 242 358 239 431 78 . 418 391 . 343 137 168 528 172 127 75 310 295 154 101 480 414 731 Remotely . | . . . . . . . . . . . . . . . . . . . . . . . . . . Salvage Created 16449 | . 374 122 418 302 925 351 206 . 324 635 . 927 137 671 981 362 304 296 674 1415 352 578 2002 1684 2409 Parts 806 | . 17 4 29 20 54 18 10 . 13 28 . 46 8 38 51 12 21 19 32 73 21 28 77 75 112 Haulers Intercepted 6 | . 1 . 1 . 1 . . . . 1 . 1 . . . . . . 1 . . . . . . Recyclers Shooed 6 | . . . . . . . . . . . . . . . 2 . . . . . . . . 1 3 Parts Field Recycled . | . . . . . . . . . . . . . . . . . . . . . . . . . . Retrieved Matter . | . . . . . . . . . . . . . . . . . . . . . . . . . . Parts Self-Destructed 19 | . . . . . . 8 4 . 7 . . . . . . . . . . . . . . . . Prevented 9 | . . . . . . 2 2 . 5 . . . . . . . . . . . . . . . . Kills | -11 -10 -10 -9 -8 -7 -7 -7 -7 -6 -6 -6 -6 -5 -4 -4 -4 -4 -4 -3 -3 -2 -2 -2 -1 -1 ------- Run | Jun Mat Min Mat Mat Fac Low Low Dat Pro Fac Was Fac Fac Fac Ext Cet Arc Hub Res Tes Res Qua Sec Acc Com Combat Hostiles Destroyed 249 | . 7 2 13 4 16 14 3 . 10 14 . 16 2 11 12 3 2 4 4 20 4 6 25 33 24 Melee 130 | . . . . 1 10 1 . . . 6 . 12 2 3 3 . 2 4 4 20 3 6 25 9 19 Guns 20 | . 7 2 6 3 . . . . . . . . . . . . . . . . . . . . 2 AOE 84 | . . . 7 . 3 13 3 . 9 6 . 4 . 6 9 . . . . . . . . 23 1 Classes Destroyed 20 | . 4 1 4 1 4 3 1 . . 1 . . . . . . . . . . . . 1 . . Worker 27 | . 1 1 . . 2 . . . . 1 . 1 . 1 3 . . 1 5 . . . 1 3 7 Builder 13 | . . 1 . . . . . . . 2 . . . 1 3 . . . 1 . . . . 5 . Tunneler 5 | . . . . 1 . . . . . . . . . . 3 . . . . . 1 . . . . Hauler 6 | . 1 . 1 . 1 . . . . 1 . 1 . . . . . . 1 . . . . . . Recycler 7 | . . . . . 1 . . . . . . . . . . . . . 1 . . . . 2 3 Minesweeper 6 | . . . . . . 1 3 . 2 . . . . . . . . . . . . . . . . Mechanic 1 | . . . 1 . . . . . . . . . . . . . . . . . . . . . . Operator 8 | . . . . . . . . . . 1 . . . 1 . . 5 . 1 . . . . . . Watcher 16 | . 1 . 1 2 3 . . . . . . 2 . . . 1 . . . . 1 1 1 1 2 Swarmer 60 | . . . 4 . 3 6 . . 5 5 . 4 . 3 9 . . . 1 3 . . . 15 2 Grunt 67 | . 7 2 4 1 2 4 3 . 5 . . 5 . . 2 1 . . 3 9 . . 7 10 2 Brawler 1 | . . . . . . . . . . . . 1 . . . . . . . . . . . . . Duelist 6 | . . . 1 . . 3 . . . 1 . . . . . . . . . . . . . . 1 Researcher 4 | . . . . . . 1 . . . . . . . . . . . . . 1 . 1 1 . . Sentry 31 | . . . 4 3 3 1 . . . 2 . 2 1 2 1 . 2 2 . . . . 5 . 3 Specialist 2 | . . . . . 2 . . . . . . . . . . . . . . . . . . . . Hunter 40 | . . . . . 3 . . . . 2 . 2 1 4 . 1 . 2 . 5 2 4 2 5 7 Programmer 38 | . . . . . 3 . . . . 4 . 2 . 2 . . . . . 3 2 2 8 3 9 Cetus Guard 1 | . . . . . . . . . . . . . . . . 1 . . . . . . . . . S7 Guard 1 | . . . . . . . . . . . . . . . . . . . . . . . 1 . . Alpha 7 2 | . . . . . . . . . . . . . . . . . . . . . . . 2 . . Decomposer 1 | . . . . . . 1 . . . . . . . . . . . . . . . . . . . Samaritan 1 | . . . . . . . 1 . . . . . . . . . . . . . . . . . . Thug 4 | . . . . . . . . . . . . . . . 3 1 . . . . . . . . . Savage 3 | . . . . . . 1 . . . . . . . . 2 . . . . . . . . . . Butcher 1 | . . . . . . . . . . . . . . . 1 . . . . . . . . . . Guerrilla 3 | . . . . . . . . . . . . . . . 3 . . . . . . . . . . Best Kill Streak 27 | . 5 2 5 2 7 5 3 . 5 4 . 4 1 5 5 2 3 2 3 5 2 3 6 27 6 Combat Bots Only 21 | . 5 2 5 1 4 5 3 . 5 3 . 4 1 5 5 2 1 2 2 5 2 2 4 21 4 Max Kills in Single Turn 6 | . 1 1 3 1 2 3 2 . 2 2 . 4 1 2 6 2 1 1 1 1 1 1 1 4 1 Gunslinging . | . . . . . . . . . . . . . . . . . . . . . . . . . . Exploded 4 | . . . 3 . 2 3 2 . 2 2 . 4 . 2 4 . . . . . . . . 3 1 Melee 1 | . . . . 1 1 1 . . . 1 . 1 1 1 1 . 1 1 1 1 1 1 1 1 1 Uniques/NPCs Destroyed . | . . . . . . . . . . . . . . . . . . . . . . . . . . Combat | -11 -10 -10 -9 -8 -7 -7 -7 -7 -6 -6 -6 -6 -5 -4 -4 -4 -4 -4 -3 -3 -2 -2 -2 -1 -1 -------- Run | Jun Mat Min Mat Mat Fac Low Low Dat Pro Fac Was Fac Fac Fac Ext Cet Arc Hub Res Tes Res Qua Sec Acc Com Damage Taken 40431 | . 428 653 311 193 1655 336 475 . 402 1886 106 1558 834 1696 862 317 288 1500 148 3423 462 1645 6129 7948 7176 Core 4184 | . 91 88 108 . 243 39 14 . 30 239 56 180 204 211 100 8 . 251 . 365 6 99 584 953 315 Absorbed by Shields 2361 | . . . . 52 143 . . . . . . 222 . 496 81 137 106 . . 872 . . . 210 42 Redirected to Shielding 18 | . 3 . 6 9 . . . . . . . . . . . . . . . . . . . . . Ignored by Resistances 2663 | . . . . . . . . . . . . . . . . . . . . 726 256 341 684 178 478 Regen/Repaired (Parts) 11285 | . . . . . . . . . . . . . . . . . . . . . . 770 3823 3507 3185 Core Remaining (%) 62 | 100 . 28 73 100 . . . . 53 . . 44 79 . . . . 50 . 71 . . 59 . 31 Volleys Fired 272 | . 48 19 31 17 3 19 5 . 21 4 . 1 . 16 9 13 . . . . . . 6 26 34 Largest 2 | . 2 2 2 2 1 1 1 . 1 1 . 1 . 1 1 1 . . . . . . 1 1 1 Hottest 240 | . 40 40 46 84 36 36 36 . 36 43 . 43 . 43 50 240 . . . . . . 240 49 90 Shots Fired 378 | . 96 37 52 34 4 19 5 . 20 5 . 1 . 17 9 13 . . . . . . 6 26 34 Gun 240 | . 96 37 42 34 . . . . . . . . . . . 1 . . . . . . 6 . 24 Cannon . | . . . . . . . . . . . . . . . . . . . . . . . . . . Launcher 138 | . . . 10 . 4 19 5 . 20 5 . 1 . 17 9 12 . . . . . . . 26 10 Special . | . . . . . . . . . . . . . . . . . . . . . . . . . . Kinetic 198 | . 96 37 42 23 . . . . . . . . . . . . . . . . . . . . . Thermal 42 | . . . . 11 . . . . . . . . . . . 1 . . . . . . 6 . 24 Explosive 90 | . . . 10 . 4 19 5 . 12 5 . 1 . 3 9 . . . . . . . . 19 3 Electromagnetic 48 | . . . . . . . . . 8 . . . . 14 . 12 . . . . . . . 7 7 Robot Hit Streak 24 | . 11 12 8 11 1 9 5 . 5 5 . . . 6 . 1 . . . . . . . 5 24 Robot Miss Streak 5 | . 3 4 4 3 3 5 1 . 2 . . . . 2 1 2 . . . . . . . 1 2 Penetration Max . | . . . . . . . . . . . . . . . . . . . . . . . . . . Secondary Targets 1 | . 1 . . . . . . . . . . . . . . . . . . . . . . . . Max Gunslinging Chain 1 | . 1 . . . . . . . . . . . . . . . . . . . . . . . . Shots Hit Robots 929 | . 67 31 30 30 43 19 7 . 15 50 . 70 9 33 44 1 15 19 17 95 23 30 123 46 112 Core Hits 575 | . 23 9 24 12 20 31 9 . 28 14 . 27 5 23 66 15 9 8 10 34 7 10 45 85 61 Critical Kills 2 | . . . . . . . . . . . . . . . . . . . . . 1 . . . 1 Critical Parts Destroyed 15 | . 1 1 . . 3 . . . 1 2 . . . . . . . . . . 2 1 3 . 1 Critical Strikes 98 | . 1 1 . 2 8 1 . . 1 5 . 8 . 5 8 . . . 1 17 5 4 16 3 12 Burn 1 | . . . . 1 . . . . . . . . . . . . . . . . . . . . . Destroy 4 | . 1 1 . . . . . . . . . . . . . . . . . . . . . . 2 Smash 13 | . . . . . 3 . . . 1 2 . . . . . . . . . . 3 1 3 . . Sever 74 | . . . . 1 5 1 . . . 2 . 8 . 2 7 . . . . 17 2 3 13 3 10 Impale 6 | . . . . . . . . . . 1 . . . 3 1 . . . 1 . . . . . . Melee Attacks 1108 | . . 6 . 7 52 11 14 . 7 114 . 114 12 37 53 . 19 30 30 135 31 49 177 71 139 Impact 97 | . . 6 . . 13 . 6 . 3 41 . . . . . . . . . . 6 5 15 . 2 Slashing 921 | . . . . 7 39 11 8 . 4 61 . 93 10 24 45 . 9 27 18 135 20 40 162 71 137 Piercing 90 | . . . . . . . . . . 12 . 21 2 13 8 . 10 3 12 . 5 4 . . . Sneak Attacks 84 | . . 2 . . 3 6 5 . 4 5 . 3 . 3 19 . 6 1 10 1 1 1 2 2 10 Combat Hostiles 1 | . . . . . . 1 . . . . . . . . . . . . . . . . . . . Follow-up Attacks 227 | . . . . . 2 . . . 3 19 . 25 2 9 11 . 5 6 3 39 7 6 51 11 28 Damage Inflicted 54309 | . 575 369 946 630 2648 2018 886 . 1918 2746 . 2889 336 1702 4265 1286 754 755 1001 4027 1055 1908 7912 7687 5996 Guns 2276 | . 563 216 404 392 . . . . . . . . . . . . . . . . . . . . 701 Cannons . | . . . . . . . . . . . . . . . . . . . . . . . . . . Explosions 15364 | . . . 542 . 350 1434 395 . 1466 735 . 274 . 829 2031 1286 . . . . . . . 5148 874 Melee 36596 | . . 153 . 238 2298 584 491 . 452 2011 . 2615 336 873 2173 . 754 755 1001 4027 1055 1908 7912 2539 4421 Ramming 73 | . 12 . . . . . . . . . . . . . 61 . . . . . . . . . . Kinetic 1403 | . 563 216 404 220 . . . . . . . . . . . . . . . . . . . . . Thermal 1162 | . . . . 172 . . . . 128 . . . . 72 . . . . . . . . . . 790 Explosive 11786 | . . . 542 . 350 1434 395 . 1080 735 . 274 . 301 2031 . . . . . . . . 4497 147 Electromagnetic 3289 | . . . . . . . . . 258 . . . . 456 . 1286 . . . . . . . 651 638 Impact 2758 | . . 153 . . 513 . . . 245 1050 . . . . . . . . . . 220 105 406 . 66 Slashing 31970 | . . . . 238 1785 584 491 . 207 911 . 2248 313 573 2050 . 256 755 640 4027 689 1803 7506 2539 4355 Piercing 1868 | . . . . . . . . . . 50 . 367 23 300 123 . 498 . 361 . 146 . . . . Highest Corruption 22 | . . . . . 8 8 8 8 8 7 21 22 . 3 3 9 9 2 5 6 . 3 6 . . Average Corruption 8 | . . . . . 4 8 8 8 8 5 14 21 . 2 3 7 6 2 3 1 . 2 4 . . Corruption Purged 16 | . . . . . . . . . . . . . . . . . 9 . 3 4 . . . . . Corruption Blocked . | . . . . . . . . . . . . . . . . . . . . . . . . . . Effects 308 | . . . . . 24 32 16 4 17 38 8 79 . 6 23 9 6 . 2 6 . 5 33 . . Message Errors 84 | . . . . . 3 11 5 1 6 14 2 21 . . 8 1 3 . . 2 . 1 6 . . Matter Fused 80 | . . . . . 9 9 2 1 5 8 2 23 . . 4 3 2 . . . . 1 11 . . Heat Flow Errors 38 | . . . . . 4 4 3 . 1 6 1 7 . 2 2 2 . . . 2 . 1 3 . . Energy Discharges 34 | . . . . . 4 2 1 1 2 1 . 10 . 1 1 2 . . . . . 2 7 . . Parts Rejected 1 | . . . . . . . . . . . . . . . . . 1 . . . . . . . . Data Loss (minor) 44 | . . . . . 2 6 1 1 1 4 . 12 . 1 8 1 . . 2 1 . . 4 . . Data Loss (major) 14 | . . . . . . . 3 . 1 3 1 5 . . . . . . . 1 . . . . . Misfires 3 | . . . . . 1 . . . . 1 . . . 1 . . . . . . . . . . . Alerts 7 | . . . . . 1 . 1 . . 1 . 1 . 1 . . . . . . . . 2 . . Misdirections 2 | . . . . . . . . . . . 2 . . . . . . . . . . . . . . Weapon Failures 1 | . . . . . . . . . 1 . . . . . . . . . . . . . . . . Overload Shots 2 | . . . . . . . . . . . . . . . . 1 . . . . . . 1 . . Overflow Damage 4483 | . . 57 42 . 397 273 183 . 271 413 . 136 . 47 156 12 . 43 209 183 169 315 482 494 601 Projectiles . | . . . . . . . . . . . . . . . . . . . . . . . . . . Explosions 544 | . . . 42 . . 70 . . 48 71 . . . . 117 12 . . . . . . . 184 . Melee 3939 | . . 57 . . 397 203 183 . 223 342 . 136 . 47 39 . . 43 209 183 169 315 482 310 601 Knockbacks 12 | . . . . . . . . . 1 7 . . . . 2 . . . . . . 1 . . 1 Impact 12 | . . . . . . . . . 1 7 . . . . 2 . . . . . . 1 . . 1 Kinetic . | . . . . . . . . . . . . . . . . . . . . . . . . . . Secondary . | . . . . . . . . . . . . . . . . . . . . . . . . . . Self-Inflicted Damage 1234 | . . . . . 38 . 43 . . 231 . . . 388 204 30 . . . . . . . 202 98 Shots 36 | . . . . . 1 . 1 . . 5 . . . 11 7 2 . . . . . . . 3 6 Rammed . | . . . . . . . . . . . . . . . . . . . . . . . . . . Targets Rammed 7 | . 1 . . . . . . . . . . . . . 6 . . . . . . . . . . Kicked 7 | . 1 . . . . . . . . . . . . . 6 . . . . . . . . . . Crushed . | . . . . . . . . . . . . . . . . . . . . . . . . . . Highest Temperature 450 | . 71 42 12 244 243 236 263 . 113 226 179 333 5 251 241 269 1 5 9 251 . 50 332 316 450 Average Temperature 89 | . 23 20 5 106 88 70 116 . 51 86 93 133 5 124 69 96 1 4 9 110 . 50 67 98 116 Received Heat Transfer 3424 | . 231 138 96 104 164 135 54 . 181 144 . 308 54 27 116 28 42 90 30 312 . 9 486 360 315 Effects 10 | . . . . 1 . . 1 . . . . . . . . 1 . . . . . . 4 . 3 Shutdowns 2 | . . . . . . . . . . . . . . . . . . . . . . . . . 2 Energy Bleed 2 | . . . . . . . 1 . . . . . . . . 1 . . . . . . . . . Interference 4 | . . . . 1 . . . . . . . . . . . . . . . . . . 3 . . Matter Decay 1 | . . . . . . . . . . . . . . . . . . . . . . . . . 1 Damage (minor) 1 | . . . . . . . . . . . . . . . . . . . . . . . 1 . . Siege Activations . | . . . . . . . . . . . . . . . . . . . . . . . . . . Robots Corrupted 9 | . . . . . . . . . . . . . . 2 . 4 . . . . . . . 1 2 Combat Hostiles 8 | . . . . . . . . . . . . . . 2 . 3 . . . . . . . 1 2 Parts Fried 33 | . . 3 . . 5 . 1 . . 7 . . . 3 . 6 . . . . 1 . 1 1 5 Impact Corruptions 38 | . . 2 . . 9 . . . 2 15 . . . . . . . . . . 2 3 4 . 1 Robots Melted . | . . . . . . . . . . . . . . . . . . . . . . . . . . Combat Hostiles . | . . . . . . . . . . . . . . . . . . . . . . . . . . Parts Melted 7 | . . . . 1 . . . . . . . . . . . . . 1 . 2 . . 2 . 1 Heat Transferred 1608 | . . . . 444 . . . . 100 . . . . 50 . . . . . . . . . . 1014 Parts Sabotaged . | . . . . . . . . . . . . . . . . . . . . . . . . . . Parts Stolen . | . . . . . . . . . . . . . . . . . . . . . . . . . . Parts Stripped . | . . . . . . . . . . . . . . . . . . . . . . . . . . Power Chain Reactions 7 | . . . . . . . . . 1 . . . . 3 . . . . . . . . . . 3 Missiles Intercepted . | . . . . . . . . . . . . . . . . . . . . . . . . . . Alert | -11 -10 -10 -9 -8 -7 -7 -7 -7 -6 -6 -6 -6 -5 -4 -4 -4 -4 -4 -3 -3 -2 -2 -2 -1 -1 ------- Run | Jun Mat Min Mat Mat Fac Low Low Dat Pro Fac Was Fac Fac Fac Ext Cet Arc Hub Res Tes Res Qua Sec Acc Com Peak Influence 1326 | . 152 40 462 314 375 . . . . 658 210 514 292 280 783 975 598 477 314 432 276 238 598 1187 1326 Initial 688 | . . 25 3 110 62 . . . . 89 210 133 187 133 137 438 390 209 218 86 137 42 30 300 688 Average 338 | . 49 19 274 172 213 . . . . 295 201 349 207 144 255 734 561 317 188 267 157 85 265 794 903 Maximum Alert Level 4 | . . . 2 1 1 . . . . 2 1 2 1 1 3 3 2 2 1 2 1 1 2 4 4 Low Security (%) 41 | . 100 100 19 73 44 . . . . 52 22 8 62 89 60 . . . 49 19 88 89 47 . . Level 1 29 | . . . 62 26 55 . . . . . 77 66 37 10 22 . 4 87 50 78 11 10 24 20 . Level 2 15 | . . . 17 . . . . . . 47 . 25 . . 10 41 95 12 . 2 . . 28 19 2 Level 3 10 | . . . . . . . . . . . . . . . 7 58 . . . . . . . 34 84 Level 4 2 | . . . . . . . . . . . . . . . . . . . . . . . . 25 13 Level 5 . | . . . . . . . . . . . . . . . . . . . . . . . . . . High Security . | . . . . . . . . . . . . . . . . . . . . . . . . . . Max Security . | . . . . . . . . . . . . . . . . . . . . . . . . . . Squads Dispatched 78 | . 3 . 3 . 6 . . . . 8 . 6 . 4 1 . . 4 8 11 3 1 4 8 8 Investigation 16 | . 1 . . . 3 . . . . 1 . 1 . . . . . 3 4 3 . . . . . Extermination 21 | . . . . . 1 . . . . 2 . 3 . 1 . . . . . 3 2 1 2 2 4 Reinforcement 30 | . 2 . 3 . 2 . . . . 3 . 2 . 1 1 . . 1 4 1 1 . 2 5 2 Assault 6 | . . . . . . . . . . 2 . . . . . . . . . 1 . . . 1 2 Garrison 5 | . . . . . . . . . . . . . . 2 . . . . . 3 . . . . . Intercept . | . . . . . . . . . . . . . . . . . . . . . . . . . . Searches Triggered . | . . . . . . . . . . . . . . . . . . . . . . . . . . Data Miner Redirects 5 | . . . . . . . . . . 2 . . . . . . . . . . . . . 1 2 Construction Impeded 2 | . . . . . . . . . . . . . . . 1 . . . . . . . . 1 . Haulers Reinforced 3 | . . . . . . . . . . 1 . . . . . . . . 1 . . . . 1 . Active Scanning Responses . | . . . . . . . . . . . . . . . . . . . . . . . . . . Cargo Convoy Interrupts 1 | . . . . . 1 . . . . . . . . . . . . . . . . . . . . Stealth | -11 -10 -10 -9 -8 -7 -7 -7 -7 -6 -6 -6 -6 -5 -4 -4 -4 -4 -4 -3 -3 -2 -2 -2 -1 -1 --------- Run | Jun Mat Min Mat Mat Fac Low Low Dat Pro Fac Was Fac Fac Fac Ext Cet Arc Hub Res Tes Res Qua Sec Acc Com Distress Signals 17 | . . . . 1 . . . . 2 1 . 1 . . 2 2 . . 4 . . . 1 2 1 Communications Jammed 89 | . . . . . . . . . . . . . . . . . . . . . 2 9 14 29 35 Distress Signals 85 | . . . . . . . . . . . . . . . . . . . . . . 8 14 28 35 Times Spotted 538 | . 12 3 17 8 24 12 4 . 12 22 6 25 4 16 21 17 7 10 22 53 10 10 39 109 75 Peak Tracking Total 15 | . 4 2 5 3 4 4 3 . 4 4 6 4 2 5 5 6 2 4 6 13 3 3 4 10 15 Tactical Retreats 58 | . . . . . 1 2 1 . 1 1 1 4 2 . 1 1 . . 2 6 . 1 8 18 8 Traps | -11 -10 -10 -9 -8 -7 -7 -7 -7 -6 -6 -6 -6 -5 -4 -4 -4 -4 -4 -3 -3 -2 -2 -2 -1 -1 ------- Run | Jun Mat Min Mat Mat Fac Low Low Dat Pro Fac Was Fac Fac Fac Ext Cet Arc Hub Res Tes Res Qua Sec Acc Com Traps Triggered 17 | . 1 . . . 1 . . . . 4 . 1 . 2 1 . . . 1 3 . 1 . 1 1 Indirectly 1 | . . . . . . . . . . . . . . 1 . . . . . . . . . . . Trap Hack Attempts . | . . . . . . . . . . . . . . . . . . . . . . . . . . Triggered . | . . . . . . . . . . . . . . . . . . . . . . . . . . Disarmed . | . . . . . . . . . . . . . . . . . . . . . . . . . . Reprogrammed . | . . . . . . . . . . . . . . . . . . . . . . . . . . Reused . | . . . . . . . . . . . . . . . . . . . . . . . . . . Traps Extracted . | . . . . . . . . . . . . . . . . . . . . . . . . . . Installed . | . . . . . . . . . . . . . . . . . . . . . . . . . . Triggered 8 | . . . . . 1 2 1 . 3 . . . . . . . . . . . . . . 1 . Most Traps Carried 12 | . . . . . . 4 12 12 12 10 10 10 10 10 10 10 4 . . . . . . . . Machines | -11 -10 -10 -9 -8 -7 -7 -7 -7 -6 -6 -6 -6 -5 -4 -4 -4 -4 -4 -3 -3 -2 -2 -2 -1 -1 ---------- Run | Jun Mat Min Mat Mat Fac Low Low Dat Pro Fac Was Fac Fac Fac Ext Cet Arc Hub Res Tes Res Qua Sec Acc Com Machines Disabled 36 | . . . . . . . . . . 21 . 1 . . 1 1 2 . . 4 . 2 2 2 . Max in Single Turn 20 | . . . . . . . . . . 20 . 1 . . . 1 . . . 1 . 1 1 1 . Garrison Access 2 | . . . . . . . . . . 1 . 1 . . . . . . . . . . . . . Network Hub 1 | . . . . . . . . . . . . . . . . . . 1 . . . . . . . Machines Repaired 1 | . . . . . . . . . . . . . . . . . . 1 . . . . . . . Machines Sabotaged . | . . . . . . . . . . . . . . . . . . . . . . . . . . Overloaded Fab Kills . | . . . . . . . . . . . . . . . . . . . . . . . . . . Hacking | -11 -10 -10 -9 -8 -7 -7 -7 -7 -6 -6 -6 -6 -5 -4 -4 -4 -4 -4 -3 -3 -2 -2 -2 -1 -1 --------- Run | Jun Mat Min Mat Mat Fac Low Low Dat Pro Fac Was Fac Fac Fac Ext Cet Arc Hub Res Tes Res Qua Sec Acc Com Machines Accessed 47 | . . 1 1 3 5 1 1 4 . 3 . 5 . . . . . 3 4 5 3 2 5 . 1 Terminals 31 | . . . . 2 4 . . . . 3 . 4 . . . . . 3 3 3 1 2 5 . 1 Fabricators 3 | . . . . . . . . . . . . . . . . . . . 1 1 1 . . . . Repair Stations 2 | . . . . . 1 . . . . . . . . . . . . . . . 1 . . . . Recycling Units . | . . . . . . . . . . . . . . . . . . . . . . . . . . Scanalyzers 2 | . . . 1 1 . . . . . . . . . . . . . . . . . . . . . Garrison Access 2 | . . . . . . . . . . . . 1 . . . . . . . 1 . . . . . Total Hacks 131 | . . 1 2 7 12 1 1 25 . 4 . 11 . . . . . 9 13 14 9 5 16 . 1 Successful 68 | . . 1 1 4 2 1 1 25 . . . 1 . . . . . 5 8 7 1 3 8 . . Failed 63 | . . . 1 3 10 . . . . 4 . 10 . . . . . 4 5 7 8 2 8 . 1 Catastrophic 15 | . . . . . 3 . . . . 2 . 4 . . . . . . 2 . 1 1 1 . 1 Database Lockouts . | . . . . . . . . . . . . . . . . . . . . . . . . . . Manual 51 | . . . . 3 . . . . . . . 11 . . . 1 . 6 6 8 5 . 11 . . Terminals 79 | . . . . 5 9 . . . . 4 . 9 . . . . . 9 10 6 5 5 16 . 1 Fabricators 11 | . . . . . . . . . . . . . . . . . . . 3 6 2 . . . . Repair Stations 5 | . . . . . 3 . . . . . . . . . . . . . . . 2 . . . . Recycling Units . | . . . . . . . . . . . . . . . . . . . . . . . . . . Scanalyzers 4 | . . . 2 2 . . . . . . . . . . . . . . . . . . . . . Garrison Access 4 | . . . . . . . . . . . . 2 . . . . . . . 2 . . . . . Terminal Hacks 46 | . . 1 . 2 1 1 1 25 . . . . . . . . . 2 3 3 . 3 4 . . Record 5 | . . . . . . . . 4 . . . . . . . . . . . 1 . . . . . Part Schematic 13 | . . . . . . . . 13 . . . . . . . . . . . . . . . . . Robot Schematic 5 | . . . . . . . . 5 . . . . . . . . . . . . . . . . . Prototype ID Bank 4 | . . . . . . . . 3 . . . . . . . . . . . . . . 1 . . Open Door 5 | . . 1 . . . 1 1 . . . . . . . . . . . . 1 . . 1 . . Level Access Points 1 | . . . . . . . . . . . . . . . . . . . 1 . . . . . . Branch Access Points 2 | . . . . 1 1 . . . . . . . . . . . . . . . . . . . . Terminal Index 2 | . . . . . . . . . . . . . . . . . . . 1 . . . 1 . . Alert Level 3 | . . . . . . . . . . . . . . . . . . 1 . . . 1 1 . . Unreport Threat 1 | . . . . . . . . . . . . . . . . . . . . . . 1 . . . Locate Traps 4 | . . . . 1 . . . . . . . . . . . . . 1 1 . . 1 . . . Protovariant Controls 1 | . . . . . . . . . . . . . . . . . . . . 1 . . . . . Fabricator Hacks 4 | . . . . . . . . . . . . . . . . . . . 3 1 . . . . . Network Status 2 | . . . . . . . . . . . . . . . . . . . 1 1 . . . . . Load Schematic 1 | . . . . . . . . . . . . . . . . . . . 1 . . . . . . Build 1 | . . . . . . . . . . . . . . . . . . . 1 . . . . . . Repair Station Hacks 2 | . . . . . 1 . . . . . . . . . . . . . . . 1 . . . . Scan Component 1 | . . . . . 1 . . . . . . . . . . . . . . . . . . . . Refit 1 | . . . . . . . . . . . . . . . . . . . . . 1 . . . . Recycling Unit Hacks . | . . . . . . . . . . . . . . . . . . . . . . . . . . Scanalyzer 3 | . . . 1 2 . . . . . . . . . . . . . . . . . . . . . Insert Component 2 | . . . 1 1 . . . . . . . . . . . . . . . . . . . . . Analyze 1 | . . . . 1 . . . . . . . . . . . . . . . . . . . . . Garrison Access Hacks . | . . . . . . . . . . . . . . . . . . . . . . . . . . Unauthorized Hacks 13 | . . . . . . . . . . . . 1 . . . . . 3 2 3 . . 4 . . Terminals 9 | . . . . . . . . . . . . . . . . . . 3 2 . . . 4 . . Botnet 5 | . . . . . . . . . . . . . . . . . . . 2 . . . 3 . . Operators 2 | . . . . . . . . . . . . . . . . . . 1 . . . . 1 . . Sabotage 2 | . . . . . . . . . . . . . . . . . . 2 . . . . . . . Fabricators 3 | . . . . . . . . . . . . . . . . . . . . 3 . . . . . Report 1 | . . . . . . . . . . . . . . . . . . . . 1 . . . . . Liberate 1 | . . . . . . . . . . . . . . . . . . . . 1 . . . . . Haulers 1 | . . . . . . . . . . . . . . . . . . . . 1 . . . . . Repair Stations . | . . . . . . . . . . . . . . . . . . . . . . . . . . Recycling Units . | . . . . . . . . . . . . . . . . . . . . . . . . . . Scanalyzers . | . . . . . . . . . . . . . . . . . . . . . . . . . . Garrison Access 1 | . . . . . . . . . . . . 1 . . . . . . . . . . . . . Jam 1 | . . . . . . . . . . . . 1 . . . . . . . . . . . . . Data Cores Recovered . | . . . . . . . . . . . . . . . . . . . . . . . . . . Used . | . . . . . . . . . . . . . . . . . . . . . . . . . . Hacking Detections 34 | . . . 1 3 5 . . . . 3 . 4 . . . . . 1 4 4 3 2 3 . 1 Full Trace Events 6 | . . . . . 3 . . . . . . . . . . . . 1 2 . . . . . . Feedback Events . | . . . . . . . . . . . . . . . . . . . . . . . . . . Feedback Blocked . | . . . . . . . . . . . . . . . . . . . . . . . . . . Robot Schematics Acquired 7 | . . . . . . . . 5 . . . . . . . . . . . 1 . . 1 . . Robots Built . | . . . . . . . . . . . . . . . . . . . . . . . . . . Authchips . | . . . . . . . . . . . . . . . . . . . . . . . . . . Time . | . . . . . . . . . . . . . . . . . . . . . . . . . . Total Robot Build Rating . | . . . . . . . . . . . . . . . . . . . . . . . . . . Part Schematics Acquired 23 | . . . . 1 . . . 13 . . . . . . . . . . . 3 . 3 3 . . Parts Built 1 | . . . . . . . . . . . . . . . . . . . 1 . . . . . . Authchips . | . . . . . . . . . . . . . . . . . . . . . . . . . . Time 152 | . . . . . . . . . . . . . . . . . . . 152 . . . . . . Total Part Build Rating 5 | . . . . . . . . . . . . . . . . . . . 5 . . . . . . Parts Repaired . | . . . . . . . . . . . . . . . . . . . . . . . . . . Time . | . . . . . . . . . . . . . . . . . . . . . . . . . . Parts Recycled . | . . . . . . . . . . . . . . . . . . . . . . . . . . Recycled Matter . | . . . . . . . . . . . . . . . . . . . . . . . . . . Retrieved Matter . | . . . . . . . . . . . . . . . . . . . . . . . . . . Retrieved Components . | . . . . . . . . . . . . . . . . . . . . . . . . . . Parts Scanalyzed 2 | . . . 1 1 . . . . . . . . . . . . . . . . . . . . . Part Schematics Acquired 1 | . . . . 1 . . . . . . . . . . . . . . . . . . . . . Parts Damaged . | . . . . . . . . . . . . . . . . . . . . . . . . . . Bothacking | -11 -10 -10 -9 -8 -7 -7 -7 -7 -6 -6 -6 -6 -5 -4 -4 -4 -4 -4 -3 -3 -2 -2 -2 -1 -1 ------------ Run | Jun Mat Min Mat Mat Fac Low Low Dat Pro Fac Was Fac Fac Fac Ext Cet Arc Hub Res Tes Res Qua Sec Acc Com Used RIF Installer . | . . . . . . . . . . . . . . . . . . . . . . . . . . Robots Hacked . | . . . . . . . . . . . . . . . . . . . . . . . . . . Non-combat . | . . . . . . . . . . . . . . . . . . . . . . . . . . Combat . | . . . . . . . . . . . . . . . . . . . . . . . . . . Robot Hacks Applied . | . . . . . . . . . . . . . . . . . . . . . . . . . . Relay Couplers Released 5 | . . . . . . . . . . 1 . . . . . . . . . . . . 4 . . Machine Destruction 1 | . . . . . . . . . . 1 . . . . . . . . . . . . . . . Programmers 4 | . . . . . . . . . . . . . . . . . . . . . . . 4 . . Fabnet Peak Effective % . | . . . . . . . . . . . . . . . . . . . . . . . . . . Robots Rewired 11 | . . . . . . . . . . . . . . . 11 . . . . . . . . . . Allies Hacked . | . . . . . . . . . . . . . . . . . . . . . . . . . . Hacks Repelled . | . . . . . . . . . . . . . . . . . . . . . . . . . . Allies | -11 -10 -10 -9 -8 -7 -7 -7 -7 -6 -6 -6 -6 -5 -4 -4 -4 -4 -4 -3 -3 -2 -2 -2 -1 -1 -------- Run | Jun Mat Min Mat Mat Fac Low Low Dat Pro Fac Was Fac Fac Fac Ext Cet Arc Hub Res Tes Res Qua Sec Acc Com Total Allies 39 | . . . . . . . . . 1 . . . . . 20 5 . . . . . . . . 13 Largest Group 16 | . . . . . . . . . 1 1 . . . . 16 8 8 6 . . . . . . 13 Highest-Rated Group 719 | . . . . . . . . . 96 96 . . . . 680 719 719 464 . . . . . . 186 Highest-Rated Ally 159 | . . . . . . . . . 96 96 . . . . 159 159 159 96 . . . . . . 15 Total Orders 5 | . . . . . . . . . . . . . . . 3 2 . . . . . . . . . STAY 3 | . . . . . . . . . . . . . . . 2 1 . . . . . . . . . FOLLOW 2 | . . . . . . . . . . . . . . . 1 1 . . . . . . . . . Ally Attacks 203 | . . . . . . . . . 15 1 . . . . 62 44 27 38 . . . . . . 16 Total Damage 6627 | . . . . . . . . . 328 . . . . . 1979 1620 969 1522 . . . . . . 209 Kills 42 | . . . . . . . . . 3 . . . . . 17 12 2 7 . . . . . . 1 Allies Corrupted . | . . . . . . . . . . . . . . . . . . . . . . . . . . Allies Melted . | . . . . . . . . . . . . . . . . . . . . . . . . . . Intel | -11 -10 -10 -9 -8 -7 -7 -7 -7 -6 -6 -6 -6 -5 -4 -4 -4 -4 -4 -3 -3 -2 -2 -2 -1 -1 ------- Run | Jun Mat Min Mat Mat Fac Low Low Dat Pro Fac Was Fac Fac Fac Ext Cet Arc Hub Res Tes Res Qua Sec Acc Com Robot Analysis Total . | . . . . . . . . . . . . . . . . . . . . . . . . . . Derelict Logs Recovered 3 | . . . . . . 1 2 . . . . . . . . . . . . . . . . . . Drone Launches . | . . . . . . . . . . . . . . . . . . . . . . . . . . Drone Recoveries . | . . . . . . . . . . . . . . . . . . . . . . . . . . Exploration | -11 -10 -10 -9 -8 -7 -7 -7 -7 -6 -6 -6 -6 -5 -4 -4 -4 -4 -4 -3 -3 -2 -2 -2 -1 -1 ------------- Run | Jun Mat Min Mat Mat Fac Low Low Dat Pro Fac Was Fac Fac Fac Ext Cet Arc Hub Res Tes Res Qua Sec Acc Com Turns Passed 20856 | . 600 699 491 652 1163 930 613 133 741 1851 158 1994 358 654 1328 355 310 312 1132 1068 515 583 1448 1234 1534 Spaces Moved 12914 | 1 310 162 297 374 651 608 394 105 471 1212 130 1412 265 360 710 233 158 198 799 584 354 360 894 1029 843 Core . | . . . . . . . . . . . . . . . . . . . . . . . . . . Treads 367 | . 20 90 124 133 . . . . . . . . . . . . . . . . . . . . . Legs 11449 | 1 290 . . 241 651 608 394 105 471 1212 130 1412 265 360 710 233 158 198 799 584 354 360 734 727 452 Wheels 245 | . . 72 173 . . . . . . . . . . . . . . . . . . . . . . Hover 373 | . . . . . . . . . . . . . . . . . . . . . . . . . 373 Flight . | . . . . . . . . . . . . . . . . . . . . . . . . . . Fastest Speed 33 | 120 120 90 90 130 127 127 127 127 125 120 120 108 110 111 120 120 115 115 120 110 110 116 116 118 33 Average Speed 124 | 120 146 144 127 140 135 127 127 127 134 122 120 118 110 116 136 120 115 115 120 117 116 117 117 119 125 Slowest Speed 260 | 120 190 240 160 200 200 127 196 127 200 190 190 120 115 190 190 120 120 190 120 120 120 118 120 188 260 Overloaded Moves . | . . . . . . . . . . . . . . . . . . . . . . . . . . Propulsion Burnouts . | . . . . . . . . . . . . . . . . . . . . . . . . . . Robots Hopped 1 | . . . . . . . . . . . . . . . . . . . 1 . . . . . . Cave-ins Triggered . | . . . . . . . . . . . . . . . . . . . . . . . . . . Microwarps 29 | . . . . . . . . . . . . . . . . . . . . . . . 9 18 2 Exploration Rate (%) 41 | 2 50 33 35 32 23 64 47 71 49 36 90 50 7 9 69 67 76 22 32 57 12 45 41 32 28 Regions Visited 25 Branch Regions 13 Pre-discovered Areas . | . . . . . . . . . . . . . . . . . . . . . . . . . . Known Exits Taken 15 | . . . . . 1 1 1 1 1 . . 1 1 1 1 1 1 1 1 1 1 . . . . Unknown Exits Taken 8 | 1 1 1 1 1 . . . . . . . . . . . . . . . . . 1 1 1 . Scrap Searched 7 | . . . . . . 3 1 . 3 . . . . . . . . . . . . . . . . Spaces Dug 168 | . . . 5 2 1 3 10 . . 26 . 15 . 6 53 . . 2 4 5 . 3 9 12 12 Terrain Destroyed 897 | . . . 70 2 30 57 36 . 116 61 . 34 . 69 217 . . 2 4 5 . 3 9 99 83 Melee 104 | . . . . 2 1 3 5 . . 26 . 15 . 6 . . . 2 4 5 . 3 8 12 12 Projectile 1 | . . . . . . . . . . . . . . . . . . . . . . . 1 . . AOE 792 | . . . 70 . 29 54 31 . 116 35 . 19 . 63 217 . . . . . . . . 87 71 Terrain Rammed . | . . . . . . . . . . . . . . . . . . . . . . . . . . Walls Destroyed . | . . . . . . . . . . . . . . . . . . . . . . . . . . Machines Disabled . | . . . . . . . . . . . . . . . . . . . . . . . . . . Actions | -11 -10 -10 -9 -8 -7 -7 -7 -7 -6 -6 -6 -6 -5 -4 -4 -4 -4 -4 -3 -3 -2 -2 -2 -1 -1 --------- Run | Jun Mat Min Mat Mat Fac Low Low Dat Pro Fac Was Fac Fac Fac Ext Cet Arc Hub Res Tes Res Qua Sec Acc Com Total 16122 | . 378 585 364 461 831 721 475 104 548 1461 131 1616 319 536 989 291 265 247 935 811 418 452 1080 974 1130 Wait 1624 | . 5 391 7 20 90 65 53 . 26 110 . 84 32 116 41 35 70 19 52 82 5 27 121 105 68 Move 12436 | . 309 161 296 373 650 607 393 104 470 1212 129 1411 264 359 709 232 157 197 796 583 353 359 742 744 826 Hop 1 | . . . . . . . . . . . . . . . . . . . 1 . . . . . . Pick Up 164 | . 5 1 17 12 15 3 4 . 3 20 . 13 3 3 9 3 6 . 14 3 9 2 9 4 6 Fast Attach 178 | . 1 . 3 9 3 1 . . 1 11 . 11 2 5 11 . 6 1 15 11 10 6 24 10 37 Attach 166 | . 2 5 4 2 12 6 4 . 8 11 2 5 2 8 10 2 5 . 9 6 11 6 19 9 18 Detach 69 | . . . 1 . 2 4 1 . 3 2 . 1 . 1 5 . 1 . 3 2 3 6 17 6 11 Swap 101 | . 3 2 1 1 1 5 5 . 8 5 . 5 2 1 1 4 2 6 7 15 . 2 13 10 2 Drop 188 | . 4 . 4 20 5 . . . 4 16 . 11 5 4 7 1 6 3 17 13 4 6 21 9 28 Fire 272 | . 48 19 31 17 3 19 5 . 21 4 . 1 . 16 9 13 . . . . . . 6 26 34 Melee 763 | . . 6 . 7 50 10 10 . 4 70 . 74 9 23 37 . 12 21 21 89 23 38 108 51 100 Ram . | . . . . . . . . . . . . . . . . . . . . . . . . . . Kick 7 | . 1 . . . . . . . . . . . . . 6 . . . . . . . . . . Crush . | . . . . . . . . . . . . . . . . . . . . . . . . . . Escape Stasis 7 | . . . . . . . . . . . . . . . . . . . . 7 . . . . . Rewire 146 | . . . . . . 1 . . . . . . . . 144 1 . . . . . . . . . Trap . | . . . . . . . . . . . . . . . . . . . . . . . . . . Miscellaneous . | . . . . . . . . . . . . . . . . . . . . . . . . . . Route ------- -11/Junkyard -10/Materials (discovered 2 exits: *Mat / *Min) -10/Mines -9/Materials -8/Materials -7/Factory (discovered 2 exits: *Low x2) -7/Lower Caves -7/Lower Caves (discovered 2 exits: *Fac / *Dat) -7/Data Miner -6/Proximity Caves -6/Factory (discovered 2 exits: *Fac x2) -6/Waste -6/Factory -5/Factory -4/Factory -4/Extension (discovered 2 exits: *Res / *Cet) -4/Cetus (discovered 2 exits: *Res / *Arc) -4/Archives (discovered 3 exits: *Res / *Hub x2) -4/Hub_04(d) -3/Research (discovered 4 exits: *Res x3 / *Tes) -3/Testing -2/Research -2/Quarantine -2/Section 7 -1/Access -1/Command To Fleet Rendezvous History --------- Turn | Location | Event 1 | -11/Junkyard | Discovered new exit (range 0) 1 | -11/Junkyard | Entered Materials 319 | -10/Materials | Build established: Mutant 399 | -10/Materials | Discovered new exit (range 15) 546 | -10/Materials | Discovered new exit (range 14) 601 | -10/Materials | Entered Mines 602 | -10/Mines | Assembled infested the area 609 | -10/Mines | Found the Drone Emporium 616 | -10/Mines | Found Prototype Device 1006 | -10/Mines | Identified Splice Drone Bay 1166 | -10/Mines | Core integrity fell below 50% 1191 | -10/Mines | Lost 4 parts (2n1u1w) 1294 | -10/Mines | Discovered new exit (range 6) 1300 | -10/Mines | Entered Materials 1300 | -9/Materials | Evolved 2 slots: Propulsion x1, Utility x1 1733 | -9/Materials | Discovered new exit (range 3) 1791 | -9/Materials | Entered another Materials area 1791 | -8/Materials | Evolved 2 slots: Propulsion x1, Utility x1 1851 | -8/Materials | Build established: Scavenger-Mutant 2203 | -8/Materials | Discovered new exit (range 8) 2376 | -8/Materials | Build established: Mutant 2443 | -8/Materials | Entered Factory 2443 | -7/Factory | Evolved 2 slots: Power x1, Weapon x1 2787 | -7/Factory | Lost 3 parts (1u2w) 3241 | -7/Factory | Identified exit to Lower Caves 3267 | -7/Factory | Build established: Scavenger-Mutant 3288 | -7/Factory | Cargo convoy interrupted 3395 | -7/Factory | Lost 3 parts (1p1n1w) 3606 | -7/Factory | Entered Lower Caves 3855 | -7/Lower Caves | Attracted the attention of an 0b10 checkpoint 3928 | -7/Lower Caves | Build established: Mutant 3959 | -7/Lower Caves | Encountered a Warlord checkpoint 4265 | -7/Lower Caves | Learned Factory terminal intel 4453 | -7/Lower Caves | Discovered new exit (range 5) 4459 | -7/Lower Caves | Identified exit to Lower Caves 4477 | -7/Lower Caves | Found Alien Artifact 4477 | -7/Lower Caves | Identified Core Expander 4477 | -7/Lower Caves | Installed Core Expander, added new Weapon slot 4536 | -7/Lower Caves | Entered another Lower Caves area 4623 | -7/Lower Caves | Encountered a Warlord checkpoint 4626 | -7/Lower Caves | Discovered new exit (range 6) 4630 | -7/Lower Caves | Learned 12 Factory zone layouts 4841 | -7/Lower Caves | Spotted B-75 Beast 5093 | -7/Lower Caves | Build established: Trapper-Mutant 5135 | -7/Lower Caves | Discovered new exit (range 12) 5148 | -7/Lower Caves | Identified exit to Data Miner 5149 | -7/Lower Caves | Entered Data Miner 5149 | -7/Data Miner | Discovered new exit (range 6) 5174 | -7/Data Miner | Met Data Miner 5213 | -7/Data Miner | Received God Mode back door access code from Data Miner 5228 | -7/Data Miner | Acquired the access code to Warlord's prototype stash 5280 | -7/Data Miner | Identified exit to Proximity Caves 5282 | -7/Data Miner | Entered Proximity Caves 5340 | -6/Proximity Caves | Escorted by Enhanced Grunt 5380 | -6/Proximity Caves | Lost 4 parts (1n2u1w) 6017 | -6/Proximity Caves | Discovered new exit (range 4) 6021 | -6/Proximity Caves | Identified exit to Factory 6023 | -6/Proximity Caves | Entered Factory 6023 | -6/Factory | Accompanied by 1 ally 6023 | -6/Factory | Evolved 2 slots: Propulsion x2 6024 | -6/Factory | Identified exit to Factory 6025 | -6/Factory | Loaded intel: 26 terminal locations 6635 | -6/Factory | Found Prototype Launcher 6635 | -6/Factory | Identified Scatter Rocket Array 6641 | -6/Factory | Incoming investigation squad redirected 6641 | -6/Factory | Found Scatter Rocket Array 6923 | -6/Factory | Lost 3 parts (2n1w) 7007 | -6/Factory | Spotted B-75 Beast 7028 | -6/Factory | Incoming assault squad redirected 7768 | -6/Factory | Discovered exit to Factory (range 8) 7773 | -6/Factory | First assault squad dispatched 7874 | -6/Factory | Manually triggered Chute Trap 7874 | -6/Factory | Sucked down chute 7874 | -6/Factory | Entered Waste 7889 | -6/Waste | EMP discharged 7889 | -6/Waste | System corruption reached 10% 7913 | -6/Waste | Spotted C-40 Crusher 7919 | -6/Waste | Spotted C-40 Crusher 7919 | -6/Waste | Spotted C-40 Crusher 7920 | -6/Waste | Spotted C-40 Crusher 7920 | -6/Waste | Spotted C-40 Crusher 7931 | -6/Waste | Crushed by Compactor (1 part destroyed, 1 dropped) 7955 | -6/Waste | Spotted C-40 Crusher 7989 | -6/Waste | EMP discharged 7996 | -6/Waste | Crushed by Compactor (1 part destroyed, 1 dropped) 8014 | -6/Waste | Discovered new exit (range 16) 8031 | -6/Waste | Identified exit to Factory 8032 | -6/Waste | Entered Factory 8577 | -6/Factory | Spotted B-75 Beast 9068 | -6/Factory | Core integrity fell below 50% 10006 | -6/Factory | Discovered exit to Factory (range 14) 10026 | -6/Factory | Entered another Factory area 10026 | -5/Factory | Evolved 2 slots: Utility x2 10202 | -5/Factory | Discovered new exit (range 20) 10331 | -5/Factory | Build established: Trapper-Assassin 10383 | -5/Factory | Identified exit to Factory 10384 | -5/Factory | Entered another Factory area 10384 | -4/Factory | Evolved 2 slots: Power x1, Propulsion x1 10385 | -4/Factory | Identified exit to Extension 10671 | -4/Factory | Build established: Trapper-Mutant 10879 | -4/Factory | Garrison activated, responded to threat 11014 | -4/Factory | Lost 9 parts (3p4n1u1w) 11038 | -4/Factory | Entered Extension 11455 | -4/Extension | Rescued a captive Derelict 11455 | -4/Extension | Rescued a captive Derelict 11615 | -4/Extension | Rescued a captive Derelict 11652 | -4/Extension | Rescued a captive Derelict 11655 | -4/Extension | Rescued a captive Derelict 12038 | -4/Extension | Disrupted transfer network 12059 | -4/Extension | Rescued a captive Derelict 12090 | -4/Extension | Rescued a captive Derelict 12256 | -4/Extension | Rescued a captive Derelict 12315 | -4/Extension | Rescued A7 12349 | -4/Extension | Discovered new exit (range 10) 12350 | -4/Extension | Discovered new exit (range 6) 12362 | -4/Extension | Identified exit to Cetus 12366 | -4/Extension | Entered Cetus 12366 | -4/Cetus | Accompanied by 5 allies (A7) 12371 | -4/Cetus | Acquired a Cetus Manufacturing Module code from A7 12386 | -4/Cetus | Spotted Cetus Guard 12386 | -4/Cetus | Spotted Cetus Guard 12393 | -4/Cetus | Allies destroyed Cetus Guard 12393 | -4/Cetus | Spotted Cetus Guard 12396 | -4/Cetus | Spotted Cetus Guard 12397 | -4/Cetus | Destroyed Cetus Guard 12401 | -4/Cetus | Allies destroyed Cetus Guard 12401 | -4/Cetus | Allies destroyed Cetus Guard 12463 | -4/Cetus | Escorted A7 to Cetus Mainframe 12489 | -4/Cetus | Started Cetus Manufacturing Module 12514 | -4/Cetus | Manufactured an Enhanced Grunt 12539 | -4/Cetus | Manufactured an Enhanced Grunt 12564 | -4/Cetus | Manufactured an Enhanced Grunt 12589 | -4/Cetus | Manufactured an Enhanced Grunt 12614 | -4/Cetus | Manufactured an Enhanced Grunt 12614 | -4/Cetus | Discovered new exit (range 15) 12634 | -4/Cetus | Spotted Cetus Guard 12634 | -4/Cetus | Spotted Cetus Guard 12641 | -4/Cetus | Allies destroyed Cetus Guard 12641 | -4/Cetus | Spotted Cetus Guard 12641 | -4/Cetus | Spotted Cetus Guard 12648 | -4/Cetus | Allies destroyed Cetus Guard 12654 | -4/Cetus | Allies destroyed Cetus Guard 12656 | -4/Cetus | Build established: Scavenger-Mutant 12656 | -4/Cetus | Allies destroyed Cetus Guard 12661 | -4/Cetus | Discovered new exit (range 15) 12668 | -4/Cetus | Met Revision 17 12714 | -4/Cetus | Identified exit to Archives 12721 | -4/Cetus | Entered Archives 12721 | -4/Archives | Accompanied by 8 allies (A7) 12726 | -4/Archives | Received a hacking code to weaken MAIN.C 12752 | -4/Archives | Discovered new exit (range 16) 12792 | -4/Archives | Lost 5 parts (2p1n2w) 12820 | -4/Archives | Discovered new exit (range 15) 12857 | -4/Archives | Discovered new exit (range 16) 13013 | -4/Archives | Identified exit to Hub_04(d) 13031 | -4/Archives | Entered Hub_04(d) 13031 | -4/Hub_04(d) | Accompanied by 6 allies 13174 | -4/Hub_04(d) | Discovered new exit (range 13) 13322 | -4/Hub_04(d) | Network Hub disabled 13329 | -4/Hub_04(d) | Identified exit to Research 13343 | -4/Hub_04(d) | Entered Research 13343 | -3/Research | Evolved 2 slots: Propulsion x1, Utility x1 13373 | -3/Research | Lost 10 parts (2p5n2u1w) 13543 | -3/Research | Revision forces began assault on 0b10 13569 | -3/Research | Met up with Revision 17++ 13616 | -3/Research | Fabricated Cld. Aerolev Unit? 13618 | -3/Research | Identified exit to Research 13660 | -3/Research | Build established: Scavenger-Assassin 14043 | -3/Research | Research terminal network offline 14095 | -3/Research | Found Prototype Device 14095 | -3/Research | Identified Exp. ECM Suite 14106 | -3/Research | Found Prototype Device 14106 | -3/Research | Identified Exp. EM Disruption Field 14374 | -3/Research | Found Prototype Processor 14374 | -3/Research | Identified Exp. Target Analyzer 14457 | -3/Research | Discovered new exit (range 16) 14468 | -3/Research | Spotted Striker 14474 | -3/Research | Identified exit to Testing 14475 | -3/Research | Entered Testing 14904 | -3/Testing | Build established: Scavenger-Mutant 14910 | -3/Testing | Found Prototype Ballistic Gun 14910 | -3/Testing | Identified Hyp. Multirail 15318 | -3/Testing | Found Prototype Energy Gun 15318 | -3/Testing | Identified Warp Gun 15414 | -3/Testing | Protovariant out of control (PP-3LINTK8RC0) 15414 | -3/Testing | Unleashed a protovariant (PP-3LINTK8RC0) 15418 | -3/Testing | Spotted PP-3LINTK8RC0 15421 | -3/Testing | Spotted Investigator 15421 | -3/Testing | Scanned by Researcher 15444 | -3/Testing | PP-3LINTK8RC0 assimilated allied B-74 Champion 15461 | -3/Testing | Discovered exit to Research (range 15) 15479 | -3/Testing | Lost 4 parts (2p1n1u) 15494 | -3/Testing | Found Prototype Protection 15497 | -3/Testing | Found Prototype Protection 15543 | -3/Testing | Entered Research 15543 | -2/Research | Evolved 2 slots: Utility x2 15573 | -2/Research | Lost 13 parts (2p6n3u2w) 15770 | -2/Research | Lost 3 parts (2n1w) 15963 | -2/Research | Discovered new exit (range 15) 15980 | -2/Research | Identified exit to Quarantine 16031 | -2/Research | Build established: Infiltrator-Assassin 16033 | -2/Research | Identified Hvy. Regenerative Plating 16058 | -2/Research | Entered Quarantine 16070 | -2/Quarantine | Found Alien Artifact 16070 | -2/Quarantine | Identified Core Reset Matrix 16070 | -2/Quarantine | Used Core Reset Matrix 16074 | -2/Quarantine | Detected hypermatrix surge 16074 | -2/Quarantine | Sensed 3 artifacts in vicinity 16120 | -2/Quarantine | Found Subatomic Replicator 16329 | -2/Quarantine | Found Sigix Broadsword 16514 | -2/Quarantine | Identified SHELL Armor 16556 | -2/Quarantine | Spotted Fortress 16635 | -2/Quarantine | Discovered new exit (range 5) 16641 | -2/Quarantine | Entered Section 7 16642 | -2/Section 7 | Sensed 19 artifacts in vicinity 16849 | -2/Section 7 | Lost 3 parts (2n1u) 16864 | -2/Section 7 | Used Subatomic Replicator to replicate Sigix Broadsword 16975 | -2/Section 7 | Found Exp. Actuator Array 17097 | -2/Section 7 | Spotted B-90 Cyclops 17275 | -2/Section 7 | Build established: Alien-Gladiator 17291 | -2/Section 7 | Found Microwarp Drive 17299 | -2/Section 7 | Discovered new exit (range 20) 17425 | -2/Section 7 | Found Integrated Mediator 17426 | -2/Section 7 | Installed Integrated Mediator, increased core attachment efficiency. 17491 | -2/Section 7 | Found Prototype Device 17491 | -2/Section 7 | Identified Exp. Shock Absorption System 17536 | -2/Section 7 | Found Prototype Slashing Weapon 17536 | -2/Section 7 | Identified Vibroblade 17539 | -2/Section 7 | Found Vibroblade 17542 | -2/Section 7 | Found Vibroblade 17556 | -2/Section 7 | Found Unknown Launcher 17625 | -2/Section 7 | Spotted Alpha 7 17748 | -2/Section 7 | Spotted Alpha 7 17755 | -2/Section 7 | Spotted S7 Guard 17780 | -2/Section 7 | Destroyed S7 Guard 17799 | -2/Section 7 | Found Core Membrane 17799 | -2/Section 7 | Installed Core Membrane, gained immunity to corruption 17818 | -2/Section 7 | Destroyed Alpha 7 17837 | -2/Section 7 | Destroyed Alpha 7 17849 | -2/Section 7 | Found Prototype Processor 17850 | -2/Section 7 | Identified Exp. Targeting Computer 17876 | -2/Section 7 | Spotted B-99 Colossus 17966 | -2/Section 7 | Found LRC Insulator 17966 | -2/Section 7 | Installed LRC Insulator, gained EM resistance (25) 17974 | -2/Section 7 | Found LRC Storage 17974 | -2/Section 7 | Installed LRC Storage, increased inventory capacity (+2) 17977 | -2/Section 7 | Found LRC Armor 17977 | -2/Section 7 | Installed LRC Armor, increased core integrity (+250) 18089 | -2/Section 7 | Entered Access 18089 | -1/Access | Evolved 2 slots: Utility x2 18571 | -1/Access | Identified Gamma Bomb Array 18637 | -1/Access | Destroyed 21 combat bots 18839 | -1/Access | First assault squad dispatched 18992 | -1/Access | Build established: Alien-Mutant 19039 | -1/Access | Incoming assault squad redirected 19286 | -1/Access | Core integrity fell below 50% 19314 | -1/Access | Discovered new exit (range 7) 19323 | -1/Access | Entered Command 19566 | -1/Command | Lost 6 parts (1p4n1w) 19594 | -1/Command | Spotted B-99 Colossus 19736 | -1/Command | Lost 10 parts (3p4n1u2w) 19854 | -1/Command | First assault squad dispatched 19873 | -1/Command | Incoming assault squad redirected 20524 | -1/Command | Found Unknown Device 20524 | -1/Command | Identified Launcher Loader 20729 | -1/Command | Lost 3 parts (3n) 20750 | -1/Command | Emitted hypermatrix ping 20755 | -1/Command | Assembled emerged from beneath the floor 20761 | -1/Command | Assembled emerged from beneath the floor 20839 | -1/Command | Incoming assault squad redirected 20851 | -1/Command | Spotted Alpha 7 20851 | -1/Command | Spotted Alpha 7 20851 | -1/Command | Spotted Striker 20851 | -1/Command | Spotted Striker 20851 | -1/Command | Spotted Executioner 20851 | -1/Command | Spotted Executioner 20851 | -1/Command | Spotted Executioner 20851 | -1/Command | Spotted Executioner 20854 | -1/Command | Spotted B-99 Colossus 20854 | -1/Command | Spotted B-99 Colossus 20855 | -1/Command | Discovered new exit (range 3) 20857 | *** | Heading to fleet! Last Messages --------------- 20854_ Slug penetrates Access Shell. 20854_ Penetrated by Slug. 20854_ Slug penetrates Wall. 20854_ Penetrated by Slug. 20854_ Stasis field depleted. 20854_ Penetrated by Slug. 20854_ Slug penetrates Access Shell. 20854_ as-63606 triggered Stasis Trap. 20854_ A bubble of rippling energy engulfs the area. 20854_ Field strength at 93. 20854_ Slug penetrates Wall. 20854_ Penetrated by Slug. 20854_ Slug penetrates Access Shell. 20854_ Slug penetrates as-42123. 20854_ as-42123 suffers critical hit (Destroy). 20854_ as-42123 destroyed. 20854_ Slug penetrates Wall. 20854_ Slug penetrates Executioner. 20855_ EXIT=FOUND 20855_ Microwarped (distance 3). Map ----- +----------------------------------------------------+ | ?????????????????????????????????????????????????? | | ?????????????????????????????????????????????????? | | ?????????????????????????????????????????????????? | | ?????????????????????????????????????????????????? | | ?????????????????????????????????????????????????? | | ?????????????????????????????????????????????????? | | ?????????????????????????????????????????????????? | | ?????????????????????????????????????????????????? | | ?????????????????????H???????????????????????????? | | ?????????????????????????????????????????????????? | | ?????????????????????????????????????????????????? | | ?????????????????????????????????????????????????? | | ?????????????????????????????????????????????????? | | ?????????????????????????????????????????????????? | | ?????????????????????????????????????????????????? | | ?????????????????????????????????????????????????? | | ?????????????????????????????????????????????????? | | ##+#+#???????????????????????????????????????????? | | #???????????????????????????????????????????? | | #????????????##########?????????????????????? | | #????????????#! ?????????????????????? | | #??????#???#?#BB ????????????????????? | | #??### # # # # % ?????????????????????? | | #### 7K E %" ""?????????????????????? | | /%^ " "?????????????????????? | | a/a % % "@ "?????????????????????? | | aa/ " "" "?????????????????????? | | %%a/ % " "?????????????????????? | | ####+#### """"""?????????????????????? | | ?# #### # # # # ???????????????????????? | | ?# #???##?#?### ?????????????????????? | | ?# #??????????# ? ?????????????????????? | | ?# #??????????#####??????????????????????????? | | ?# #?????????????????????????????????????????? | | ?# #?????????????????????????????????????????? | | ?# #?????????????????????????????????????????? | | ?# #?????????????????????????????????????????? | | ?# ###########???????????????????????????????? | | ?# +![%[=!! %#########???????????????????????? | | ?# #########=##*= #???????????????????????? | | ?####+##########[## #???????????????????????? | | ????# =!%#=% #???????????????????????? | | ????# #####[%%/%! #???????????????????????? | | ????# ??????# % # ! #????###########????????? | | ????# ??????## ##! #????+ ?????????? | | ????# ???????# #####+###????# #??????????? | | ????# ??????# #?????#??????# #??????????? | | ????# ??????# #????????????# #??????????? | | ????? ??????# #????????????# #??????????? | | ????# ?????# ############## #??????????? | +----------------------------------------------------+ Best States ------------- Heat Dissipation 71 Coolant Potential 100 Energy Generation 69 Energy Capacity 1200 Matter Stores 300 Matter Capacity 300 Sight Range 23 Robot Scan Range 16 Terrain Scan Range 20 Terrain Scan Density 110 ECM Strength 3 Jamming Range 16 Cloak Strength 3 Power Amplification 30 Armor Coverage 1500 Resistance: EX 25 Resistance: EM 100 Propulsion Shielding 33 Weapon Shielding 66 Point Defense Rating 240 Melee Speed Boost 30 Phase Shifting 10 Evasion (%) 65 Melee Accuracy 6 Recoil Reduction 4 Matter Filtering 50 Energy Filtering 30 Offensive Hacking 24 Trap Extractor Capacity 6 Item Schematics ----------------- Adv. Gravity Neutralizer | -2/Quarantine | Archive Exp. Actuator Array | -2/Quarantine | Archive Exp. Core Analyzer | -2/Quarantine | Archive Gravity Neutralizer | -2/Section 7 | Archive Com. Linear Accelerator | -2/Section 7 | Archive Hvy. Tesla Rifle | -2/Section 7 | Archive Robot Schematics ------------------ R-10 Processor | -2/Section 7 | Archive Fabricated ------------ Cld. Aerolev Unit | x1 | -3/Research Alien Tech Used ----------------- Core Expander Core Reset Matrix Sigix Broadsword Subatomic Replicator Integrated Mediator Core Membrane Microwarp Drive LRC Insulator LRC Storage LRC Armor Achievements -------------- Rampage Challenges ------------ None Game ------ Seed DisruptionLightDisintegrator Manual? 0 Play Time 02:39:37 Cumulative 385.7 hours Start 2023.12.07 @ 18:48:18 End 2024.02.05 @ 20:18:12 Sessions 9 Manual Loads 0 Difficulty Rogue Special Mode None Game No. 562 Rogue 535 Adventurer 4 Explorer 23 Win Type 2 Total 21 Types 14/0/3/2/1/0/0/1/0 Lore% 81 Gallery% 92 Achievement% 83 Wizard Run 0 Options --------- ASCII 0 Keyboard 1 Movement Numpad Keybinds 0 Fullscreen 2 Font 18/SmallcapsGlow Map View 76x50 Tactical HUD 1 Map Filters NONE Filters NONE Steam 1 RUN: 8eb4ba13-3ea5-4ca7-9172-22f0608cb1a7